 Dungeon Sprint DCSS version 0.22-a0-392-g5dc3fd9 (webtiles) character file.

121 raistware the Carver (level 5, -1/32 HPs)
             Began as a Kobold Berserker on May 2, 2018.
             Was a Priest of Trog.
             Slain by a centaur (8 damage)
             ... in the Dungeon (Sprint IX: "|||||||||||||||||||||||||||||").
             The game lasted 00:01:18 (82 turns).

raistware the Carver (Kobold Berserker)               Turns: 82, Time: 00:01:18

Health: -1/32      AC:  2    Str: 16    XL:     5   Next: 26%
Magic:  5/5        EV: 15    Int:  8    God:    Trog [***...]
Gold:   0          SH:  0    Dex: 14    Spells: 4/4 levels left

rFire    . . .     SeeInvis .   a - +0 falchion
rCold    . . .     Gourm    .   (shield restricted)
rNeg     . . .     Faith    .   b - +0 animal skin
rPois    .         Spirit   .   (no helmet)
rElec    .         Reflect  .   (no cloak)
rCorr    .         Harm     .   (no gloves)
MR       .....     NoTele   +   (no boots)
Stlth    +.........             (no amulet)
HPRegen  0.10/turn              (no ring)
MPRegen  0.09/turn              (no ring)

@: lethally poisoned (-1 -> -2), hasted, very quick
A: small, carnivore
a: Berserk, Trog's Hand, Renounce Religion


You were in the Dungeon.
You worshipped Trog.
Trog was most pleased with you.
You were very full.

You visited 1 branch

Inventory:

Hand Weapons
 a - a +0 falchion (weapon)
Armour
 b - a +0 animal skin (worn)
Scrolls
 i - a scroll of blinking
Potions
 d - a potion of curing
 g - 2 potions of magic
 h - a potion of berserk rage
Comestibles
 c - a ration


   Skills:
 - Level 3.2 Fighting
 * Level 8.4 Long Blades
 - Level 1.5 Armour
 - Level 2.4 Dodging


You had 4 spell levels left.
You didn't know any spells.

Dungeon Overview and Level Annotations

Branches:
Dungeon (1/1)

Altars:


Innate Abilities, Weirdness & Mutations

You are small and have problems with some larger weapons.
You are carnivorous and can eat meat at any time.


Message History

The centaur is heavily wounded.
The centaur misses you.
You hit the centaur but do no damage.
The centaur is heavily wounded.
You recover from your berserk rage.
The centaur closely misses you.
You hit the centaur.
The centaur is severely wounded.
You feel sick. The centaur hits you.
* * * LOW HITPOINT WARNING * * *
You hit the centaur but do no damage.
The centaur is severely wounded.
The centaur closely misses you.
You riposte.
You hit the centaur.
The centaur is severely wounded.
You hit the centaur.
The centaur is almost dead.
You hit the centaur.
The centaur is almost dead.
The centaur hits you!
You die... ▓▓▓▓▓▓▓▓▓▓▓▓▓▓▓▓▓▓ ▓<@c.))....)†....+ ▓▓▓▓▓▓▓▓▓▓▓▓▓▓▓▓▓▓

You could see a centaur.

Vanquished Creatures
  An ogre (D)
  A worker ant (D)
  An ooze (D)
  A leopard gecko (D)
  A bat (D)
  A goblin (D)
  2 hobgoblins (D)
  A frilled lizard (D)
9 creatures vanquished.

Notes
Turn   | Place    | Note
-------+----------+-------------------------------------------
     0 | D        | raistware the Kobold Berserker began the quest for the Orb.
     0 | D        | Reached XP level 1. HP: 14/14 MP: 1/1
     5 | D        | Reached skill level 3 in Long Blades
     8 | D        | Reached ** piety under Trog
    16 | D        | Reached XP level 2. HP: 15/19 MP: 2/2
    32 | D        | Noticed an ogre
    32 | D        | Noticed a centaur
    37 | D        | Killed an ogre
    37 | D        | Reached skill level 7 in Long Blades
    37 | D        | Reached XP level 3. HP: 23/23 MP: 3/3
    37 | D        | Reached XP level 4. HP: 28/28 MP: 4/4
    41 | D        | Reached *** piety under Trog
    48 | D        | Reached XP level 5. HP: 29/32 MP: 5/5
    71 | D        | Reached skill level 8 in Long Blades
    82 | D        | Slain by a centaur

Vault maps used:
D:        linesprint

Skill      XL: |  1  2  3  4  5 |
---------------+----------------+-----
Long Blades    | 3 7 8 |  8.4
Fighting       | |  3.2
Armour         | |  1.5
Dodging        | |  2.4

Action                   |  1- 3 |  4- 6 || total
-------------------------+-------+-------++-------
Melee: Falchion          |    17 |    29 ||    46
Invok: Berserk           |     1 |       ||     1
  Use: Potion            |       |     2 ||     2
  Eat: Chunk             |     5 |       ||     5
Armor: Animal skin       |     1 |     1 ||     2
Dodge: Dodged            |     8 |    27 ||    35
       Rpst.: Falchion   |     5 |    12 ||    17

Table legend:
 A = Spawn XP
 B = Non-spawn XP
 C = Spawn XP percentage of total XP
 D = Spawn monster count
 E = Non-spawn monster count
 F = Spawn count percentage of total count
 G = Total turns spent on level
                    A         B        C        D         E        F      G
               +---------+---------+-------+---------+---------+-------+---------
         Total |       0 |     174 |   0.0 |       0 |       9 |   0.0 |    82
               +---------+---------+-------+---------+---------+-------+---------
             D |       0 |     174 |   0.0 |       0 |       9 |   0.0 |    82
               +---------+---------+-------+---------+---------+-------+---------
